 Dungeon Crawl Stone Soup version 0.29-a0-582-ge82337ba6a (webtiles) character file.

Game seed: 8676531113714710051

1322 Gwenloh the Chiller (level 8, 0/85 HPs)
             Began as a Hill Orc Ice Elementalist on June 9, 2022.
             Was a Follower of Sif Muna.
             Engulfed by a steam dragon's steam (4 damage)
             ... on level 7 of the Dungeon on June 15, 2022.
             The game lasted 00:27:26 (6390 turns).

Gwenloh the Chiller (Hill Orc Ice Elementalist)     Turns: 6390, Time: 00:27:26

Health: 0/85       AC: 24    Str: 11    XL:     8   Next: 59%
Magic:  7/14       EV:  2    Int: 23    God:    Sif Muna [*.....]
Gold:   354        SH:  0    Dex: 11    Spells: 4/15 levels left

rFire   . . .      SeeInvis .   a - staff of cold
rCold   + . .      Faith    .   (no shield)
rNeg    . . .      Spirit   .   (body armour currently unavailable)
rPois   +          Reflect  .   (helmet currently unavailable)
rElec   .          Harm     .   (cloak currently unavailable)
rCorr   .          Rampage  .   (gloves currently unavailable)
Will    +....      NoTele   +   (boots currently unavailable)
Stlth   ++........              (no amulet)
HPRegen 0.24/turn               d - +6 ring of intelligence
MPRegen 0.14/turn               l - ring of willpower

@: tree-form, freezing walls, invisible
A: stationary, stasis, torment immunity, boosted hp
a: Renounce Religion, Channel Magic


You were on level 7 of the Dungeon.
You worshipped Sif Muna.
Sif Muna was aware of your devotion.
You were a tree.
You visited 1 branch of the dungeon, and saw 7 of its levels.

You collected 390 gold pieces.
You spent 36 gold pieces at shops.

Inventory:

Hand Weapons
 b - a +0 fustibalus
 g - a +0 whip
 I - a +1 short sword of speed
Missiles
 h - 6 poisoned darts (quivered)
 q - a throwing net
Armour
 k - a +0 leather armour (melded)
 H - a +0 pair of boots (melded)
 K - a +0 pair of gloves (melded)
 N - a +2 cloak (melded)
Magical Staves
 a - a staff of cold (weapon)
Jewellery
 d - a +6 ring of intelligence (left branch)
 l - a ring of willpower (right branch)
 p - a ring of protection from fire
 t - a ring of willpower
 J - a ring of protection from fire
 M - a ring of willpower
Wands
 z - a wand of polymorph (15)
 E - a wand of flame (37)
Scrolls
 c - a scroll of silence {unknown}
 i - a scroll of enchant weapon {unknown}
 n - 2 scrolls of magic mapping {unknown}
 o - 2 scrolls of poison {unknown}
 s - a scroll of fog {unknown}
 u - 3 scrolls of teleportation {unknown}
 x - a scroll of vulnerability {unknown}
 y - 6 scrolls of identify {unknown}
 D - a scroll of brand weapon {unknown}
 L - a scroll of fear {unknown}
Potions
 e - 2 potions of lignification
 f - 2 potions of haste {unknown}
 j - 2 potions of invisibility
 m - 6 potions of curing
 r - 2 potions of mutation {unknown}
 v - a potion of cancellation {unknown}
 w - 2 potions of heal wounds {unknown}
 A - a potion of magic
 C - a potion of flight {unknown}
 F - a potion of brilliance {unknown}
 G - a potion of berserk rage {unknown}


   Skills:
 + Level 5.8 Armour
 - Level 1.5 Dodging
 - Level 1.5 Stealth
 + Level 4.4 Spellcasting
 + Level 3.4 Conjurations
 + Level 6.1 Ice Magic


You had 4 spell levels left.
You knew the following spells:

 Your Spells              Type           Power      Damage    Failure   Level
a - Freeze                Ice            100%       1d11      1%          1
b - Frozen Ramparts       Ice            100%       1d12      2%          3
c - Ozocubu's Armour      Ice            50%        N/A       2%          3
d - Hailstorm             Conj/Ice       40%        3d10      14%         4

Your spell library contained the following spells:

 Spells                   Type           Power      Damage    Failure   Level
 Apportation              Tloc           10%        N/A       10%         1
 Necrotize                Necr           20%        1d5       10%         1
 Summon Small Mammal      Summ           20%        N/A       10%         1
 Gell's Gravitas          Tloc           5%         N/A       30%         3
 Lesser Beckoning         Tloc           5%         N/A       30%         3
 Teleport Other           Tloc           5%         N/A       30%         3
 Cause Fear               Hex            2%         N/A       69%         4
 Dragon Form              Tmut           2%         N/A       100%        7
 Dragon's Call            Summ           2%         N/A       100%        9


Dungeon Overview and Level Annotations

Branches:
Dungeon (7/15)             Temple (0/1) D:5

Altars:
Fedhas
Hepliaklqana
Kikubaaqudgha
Makhleb
Nemelex Xobeh
Okawaru
Sif Muna
Uskayaw
Yredelemnul

Shops:
D:1 !   D:2 [   D:4 (   D:5 *


Message History

Casting: Freeze (safe; 1% risk of failure)
Confirm with . or Enter, or press ? or * to list all spells.
Aiming: Freeze (safe; 1% risk of failure)
Press: ? - help, Shift-Dir - straight line, f/p - steam dragon
Aim: a steam dragon (heavily wounded)
You feel a surge of power!
You freeze the steam dragon.
The steam dragon is heavily wounded.
The steam dragon bites you. The steam dragon barely misses you.
Unknown command.
Casting: Freeze (safe; 1% risk of failure)
Confirm with . or Enter, or press ? or * to list all spells.
Aiming: Freeze (safe; 1% risk of failure)
Press: ? - help, Shift-Dir - straight line, f/p - steam dragon
Aim: a steam dragon (heavily wounded)
You feel a surge of power!
You freeze the steam dragon!
The steam dragon is severely wounded.
The steam dragon bites you but does no damage.
The steam dragon claws you.
Casting: Freeze (safe; 1% risk of failure)
Confirm with . or Enter, or press ? or * to list all spells.
Aiming: Freeze (safe; 1% risk of failure)
Press: ? - help, Shift-Dir - straight line, f/p - steam dragon
Aim: a steam dragon (severely wounded)
You feel a surge of power!
You freeze the steam dragon.
The steam dragon is severely wounded.
The steam dragon breathes steam at you. The ball of steam hits you!!
* * * LOW HITPOINT WARNING * * *
It was a potion of lignification.
You turn into a tree.
Your +2 cloak melds into your body.
Your +0 pair of gloves melds into your body.
Your +0 pair of boots melds into your body.
Your +0 leather armour melds into your body.
Your roots penetrate the ground.
You are engulfed in a cloud of scalding steam.
The steam dragon bites you but does no damage.
The steam dragon claws you but does no damage.
It was a potion of invisibility.
You fade into invisibility!
You die...

................
..$.............
...................#
...................##
....................#
....................#
....................##
###########............(.
#..[)...♣...[............
#.......D....≈≈≈.........
#..............≈≈≈≈≈≈....
#...............≈..≈≈≈≈..
#....................≈≈≈.
#.....................≈..
#............############
############## #########


You could see a steam dragon (can't see you).

Vanquished Creatures
  Prince Ribbit (D:6)
  An orc warrior (D:6)
  A sky beast (D:7)
  A black bear (D:5)
  A bullfrog (D:7)
  A necrophage (D:5)
  A scorpion (D:4)
  A howler monkey (D:6)
  A jelly (D:4)
  4 hounds
  7 iguanas
  Ijyb (D:3)
  5 orc wizards
  8 adders
  A shadow imp (D:6)
  A white imp (D:4)
  3 worms
  16 orcs
  4 bats
  11 endoplasms
  2 giant cockroaches
  4 goblins
  5 hobgoblins
  5 jackals
  9 kobolds
  2 quokkas
  7 ball pythons
  2 frilled lizards
  11 rats
  A butterfly (D:5)
118 creatures vanquished.

Vanquished Creatures (others)
  A demonic plant (D:1)
1 creature vanquished.

Grand Total: 119 creatures vanquished

Notes
Turn   | Place    | Note
-------+----------+-------------------------------------------
     0 | D:1      | Gwenloh the Hill Orc Ice Elementalist began the quest for
                  | the Orb.
     0 | D:1      | Reached XP level 1. HP: 14/14 MP: 3/3
   182 | D:1      | Reached XP level 2. HP: 20/20 MP: 2/4
   248 | D:1      | Reached skill level 1 in Armour
   575 | D:1      | Found a faded altar of an unknown god.
   575 | D:1      | Noticed an orange demon
   652 | D:1      | Found Dakkiugear's Distillery.
   659 | D:1      | Bought a potion of curing for 36 gold pieces
   933 | D:1      | Reached XP level 3. HP: 22/26 MP: 1/6
  1016 | D:1      | Learned a level 3 spell: Frozen Ramparts
  1092 | D:2      | Found an ancient bone altar of Kikubaaqudgha.
  1136 | D:2      | You fall into a shaft and drop 1 floor!
  1157 | D:3      | Found a hazy altar of Hepliaklqana.
  1412 | D:2      | Reached skill level 4 in Ice Magic
  1698 | D:2      | Found Coutsec's Armour Shop.
  1842 | D:2      | Reached XP level 4. HP: 33/33 MP: 4/7
  2232 | D:3      | Learned a level 3 spell: Ozocubu's Armour
  2350 | D:3      | Noticed Ijyb
  2355 | D:3      | Killed Ijyb
  2501 | D:3      | Found a hide-covered altar of Uskayaw.
  2501 | D:3      | Found an iron altar of Okawaru.
  2609 | D:3      | Reached XP level 5. HP: 38/38 MP: 1/8
  2743 | D:3      | Upgraded the game from 0.29-a0-557-g43b9904bd1 to
                  | 0.29-a0-577-gafbf2c5d25
  2748 | D:4      | Noticed Grinder
  2806 | D:4      | Noticed Grinder
  2806 | D:4      | Grinder changed into Grinder the white imp
  2820 | D:4      | Killed Grinder the white imp
  2902 | D:4      | Found Terarchay's Antique Weapon Boutique.
  3106 | D:4      | Upgraded the game from 0.29-a0-577-gafbf2c5d25 to
                  | 0.29-a0-582-ge82337ba6a
  3471 | D:4      | Found a shimmering blue altar of Sif Muna.
  3477 | D:4      | Became a worshipper of Sif Muna the Loreminder
  3497 | D:4      | Reached XP level 6. HP: 31/45 MP: 4/10
  3836 | D:4      | Found a basalt altar of Yredelemnul.
  4337 | D:5      | Entered Level 5 of the Dungeon
  4375 | D:5      | Found a staircase to the Ecumenical Temple.
  4384 | D:5      | Reached skill level 5 in Ice Magic
  4482 | D:4      | Learned a level 4 spell: Hailstorm
  4502 | D:5      | Reached XP level 7. HP: 44/50 MP: 2/12
  4587 | D:5      | Reached skill level 1 in Conjurations
  4816 | D:5      | Found Ysatwurgh's Serpentskin Sales.
  5173 | D:5      | Found a sparkling altar of Nemelex Xobeh.
  5260 | D:6      | Found a blossoming altar of Fedhas.
  5551 | D:6      | Reached skill level 5 in Armour
  5551 | D:6      | Reached XP level 8. HP: 57/57 MP: 6/14
  5963 | D:6      | Noticed Prince Ribbit
  5988 | D:6      | Killed Prince Ribbit
  5988 | D:6      | Reached * piety under Sif Muna
  5989 | D:6      | Reached skill level 6 in Ice Magic
  6105 | D:6      | Found a burning altar of Makhleb.
  6388 | D:7      | HP: 2/57 [steam dragon/ball of steam (18)]
  6390 | D:7      | Engulfed by a steam dragon's steam

Illustrated notes

Levels and vault maps discovered:
D:1:      dpeg_arrival_stonehenge_8_columns, layout_loops_corners,
          dreamdust_ecumenical_altar_sealed_demon, serial_shops,
          nicolae_shop_stone
D:2:      layout_loops_ring, serial_shops, shop, basic_altar,
          minmay_increasing_density
D:3:      layout_rooms, grunt_temple_overflow_open, uniq_ijyb
D:4:      layout_loops_ring, kennysheep_mini, general_overflow_altar,
          serial_shops, nicolae_shop_statue_plus, cheibrodos_sewer_entry_bend,
          uniq_grinder
D:5:      layout_rooms, mainiacjoe_overflow_alcove_2,
          minmay_temple_entry_butterflies, minmay_tree_intersection,
          guppyfry_shop_venom
D:6:      layout_basic, fedhas_altar_1, makhleb_heckhound_becter,
          uniq_prince_ribbit1
D:7:      layout_basic, gammafunk_ghost_nasty_kobolds,
          chequers_serial_rivers_small_a, wad_woods_river_04,
          kennysheep_generic_room_16

Skill      XL: |  1  2  3  4  5  6  7  8 |
---------------+-------------------------+-----
Armour         | 1 2 3 4 5 |  5.8
Spellcasting   | 2 3 4 |  4.4
Ice Magic      | 4 5 6 |  6.1
Conjurations   | 2 3 |  3.4
Dodging        | |  1.5
Stealth        | |  1.5

Action                   |  1- 3 |  4- 6 |  7- 9 || total
-------------------------+-------+-------+-------++-------
Melee: Whip              |    10 |    28 |       ||    38
       Short sword       |       |     7 |       ||     7
       Staff             |       |       |    21 ||    21
 Fire: Fustibalus        |       |    33 |    22 ||    55
Throw: Boomerang         |    80 |    33 |       ||   113
       Dart              |       |     6 |    13 ||    19
       Throwing net      |       |       |     1 ||     1
 Cast: Freeze            |    24 |    22 |    10 ||    56
       Frozen Ramparts   |     2 |    20 |    20 ||    42
       Ozocubu's Armour  |       |     2 |     6 ||     8
Evoke: Wand              |       |     1 |       ||     1
  Use: Potion            |       |       |     2 ||     2
 Stab: Sleeping          |       |     1 |       ||     1
Armor: Robe              |     1 |       |       ||     1
       Leather armour    |    12 |     7 |    13 ||    32
       Skin              |       |       |     3 ||     3
Dodge: Dodged            |    10 |    22 |    14 ||    46

Table legend: (Time is in decaauts)
 A = Elapsed time spent in this place.
 B = Non-inter-level travel time spent in this place.
 C = Inter-level travel time spent in this place.
 D = Time resting spent in this place.
 E = Time spent auto-exploring this place.
 F = Levels seen in this place.
 G = Mean time per level.
                   A        B        C        D        E       F      G
               +--------+--------+--------+--------+--------+-----+--------+
         Total |   6463 |   6281 |    182 |    221 |   5101 |   7 |  923.3 |
       Dungeon |   6463 |   6281 |    182 |    221 |   5101 |   7 |  923.3 |
               +--------+--------+--------+--------+--------+-----+--------+

Top non-repeatable levels by time:
     D:4: 1632 daAuts
     D:1: 1065 daAuts
     D:6: 957 daAuts
     D:2: 934 daAuts
     D:5: 876 daAuts
     D:3: 820 daAuts
     D:7: 176 daAuts
